Griffins vs Inferno
Created - January 23, 2020 at 19:00
Goals
|
Griffins |
1 |
1 |
3 |
5 |
Inferno |
1 |
3 |
0 |
4 |
|
Shots
|
Griffins |
4 |
16 |
19 |
39 |
Inferno |
11 |
11 |
11 |
33 |
|
1st period
1. Griffins , Tye McGinn 28 (Phil Oreskovic 7) at 3:10
2. Inferno , Victor Rask 7 (Tyler Shattock 5) at 8:31
Penalties :
Matt Kassian (Anc) for Hooking (Minor) at 4:12, Tyler Shattock (Anc) for Interference (Minor) at 6:17
2nd period
3. Inferno , Anders Lee 21 (Kevin Labanc 21) at 0:37
4. Inferno , Anders Lee 22 (Kevin Labanc 22, Greg Pateryn 4) at 5:43
5. Griffins , Tye McGinn 29 (Pavel Buchnevich 21, Gord Baldwin 9) at 8:25 (PP)
6. Inferno , Anders Lee 23 (Matt Kassian 9, Colby Robak 24) at 10:36
Penalties :
Pavel Buchnevich (Cap) for Holding (Minor) at 0:48, Philip Varone (Anc) for Interference (Minor) at 8:08, David Savard (Anc) for Interference (Minor) at 11:22, Mathieu Brodeur (Anc) for Tripping (Minor) at 15:07, Nathan Gerbe (Cap) for Hooking (Minor) at 18:09
3rd period
7. Griffins , Marko Dano 17 (Nathan Gerbe 16) at 0:39
8. Griffins , Tye McGinn 30 (Pavel Buchnevich 22, Gord Baldwin 10) at 2:59 (PP)
9. Griffins , Brendan Woods 9 (Anton Slepyshev 16, Brandon Pirri 12) at 3:34
Penalties :
Philip Varone (Anc) for Roughing (Minor) at 2:31, Kevin Labanc (Anc) for Delaying the game (Minor) at 3:37, Marcus Pettersson (Cap) for Holding (Minor) at 6:19
Goalie Stats
Jean-Francois Berube (Cap), 15 saves from 19 shots - (0.789), 30:36 minutes
Olivier Roy (Cap), 14 saves from 14 shots - (1.000), W, 16-6-0, 29:24 minutes
Michael Hutchinson (Anc), 34 saves from 39 shots - (0.872), L, 9-8-1, 60:00 minutes
Players Stats for Griffins
Player Name G A P +/- PIM S H SB GA TA FO MP PP MP PK MP
------------------------------------------------------------------------------------
Anton Slepyshev 0 1 1 1 0 1 4 0 1 0 0/0 11:39 4:21 0:00
Ben Hanowski 0 0 0 -1 0 3 1 0 2 0 0/0 20:34 4:21 1:26
Brandon Pirri 0 1 1 1 0 2 1 0 0 0 0/1 9:47 0:26 0:58
Brendan Woods 1 0 1 1 0 2 0 0 0 0 3/8 12:30 0:00 3:39
Danny Kristo 0 0 0 0 0 0 0 0 0 0 0/0 0:00 0:00 0:00
Dylan Larkin 0 0 0 0 0 4 1 2 0 0 6/22 17:10 4:21 0:00
Garrett Wilson 0 0 0 0 0 0 0 0 0 0 0/0 1:53 0:00 0:43
Gord Baldwin 0 2 2 -1 0 4 1 2 3 1 0/0 30:00 5:58 3:53
Greg McKegg 0 0 0 0 0 0 0 0 0 0 0/0 0:00 0:00 0:00
Ian McCoshen 0 0 0 1 0 1 0 1 0 0 0/0 9:37 0:00 0:00
Konrad Abeltshauser 0 0 0 0 0 0 0 0 0 0 0/0 0:34 0:00 0:00
Marcus Pettersson 0 0 0 -1 2 0 0 2 0 0 0/0 18:30 4:42 0:00
Marko Dano 1 0 1 -1 0 3 2 0 4 0 6/10 21:59 5:53 1:26
Mirco Mueller 0 0 0 -1 0 0 5 2 0 0 0/0 19:50 0:00 2:04
Nathan Gerbe 0 1 1 -1 2 4 1 0 0 0 5/13 14:19 0:26 0:00
Nicholas Baptiste 0 0 0 -1 0 1 2 0 0 1 0/0 7:25 0:20 0:00
Pavel Buchnevich 0 2 2 0 2 2 2 0 1 0 1/2 18:54 5:59 0:00
Petter Granberg 0 0 0 -1 0 2 2 2 0 1 0/0 20:23 4:42 2:04
Phil Oreskovic 0 1 1 1 0 2 0 2 0 1 0/0 22:03 5:58 3:53
Rourke Chartier 0 0 0 -1 0 2 0 0 0 0 2/5 7:05 0:00 0:00
Sonny Milano 0 0 0 -1 0 2 0 1 0 1 0/0 7:05 0:00 0:00
Tanner Kero 0 0 0 0 0 0 0 0 0 0 0/0 0:00 0:00 0:00
Tomas Hyka 0 0 0 0 0 0 0 0 0 0 0/0 0:00 0:00 0:00
Tye McGinn 3 0 3 0 0 4 1 1 0 2 3/7 22:40 5:53 3:39
Vladislav Namestnikov 0 0 0 0 0 0 0 0 0 0 0/0 0:03 0:00 0:03
Players Stats for Inferno
Player Name G A P +/- PIM S H SB GA TA FO MP PP MP PK MP
------------------------------------------------------------------------------------
Anders Lee 3 0 3 3 0 8 1 0 0 0 10/11 17:52 2:38 4:12
Bryan Rust 0 0 0 -3 0 1 0 1 0 0 2/6 21:48 0:00 5:58
Colby Robak 0 1 1 1 0 6 0 0 0 2 0/0 31:24 3:18 6:16
David Savard 0 0 0 1 2 1 2 0 0 2 0/0 27:43 3:18 5:12
Esa Lindell 0 0 0 0 0 3 1 0 1 0 0/0 21:30 2:39 4:24
Greg Pateryn 0 1 1 0 0 0 2 4 0 1 0/0 18:32 2:39 4:24
Kevin Labanc 0 2 2 3 2 3 1 1 3 1 2/3 14:26 3:19 0:00
Mathieu Brodeur 0 0 0 0 2 0 0 0 0 1 0/0 12:36 0:00 1:04
Matt Kassian 0 1 1 3 2 2 5 0 0 1 1/1 15:51 2:38 2:12
Matthew Nieto 0 0 0 0 0 2 1 0 0 1 1/1 11:47 0:00 2:23
Oliver Bjorkstrand 0 0 0 0 0 0 0 0 0 0 0/0 11:48 2:38 0:00
Peter Cehlarik 0 0 0 1 0 0 0 0 0 0 0/0 6:54 0:00 0:00
Philip Varone 0 0 0 0 4 0 1 1 1 0 3/6 9:33 0:00 0:30
Tanner Pearson 0 0 0 -3 0 3 1 1 1 2 0/2 19:24 3:19 0:07
Trevor Carrick 0 0 0 0 0 0 0 1 0 0 0/0 8:32 0:00 0:00
Tyler Shattock 0 1 1 1 2 2 1 0 0 0 0/0 7:00 0:00 0:00
Victor Rask 1 0 1 1 0 2 0 1 0 0 5/5 6:54 0:00 0:00
Vladimir Sobotka 0 0 0 -3 0 0 1 1 1 0 18/33 25:39 3:19 5:58
3 Stars
1 - Anders Lee (Anc)
2 - Tye McGinn (Cap)
3 - Kevin Labanc (Anc)
Power Play
Griffins - 2 on 7 Attempt(s) - 28.57%
Inferno - 0 on 3 Attempt(s) - 0.00%
Penalty Kill
Griffins - 3 on 3 Attempt(s) - 100.00%
- Score 0 goal in Penalty Kill
Inferno - 5 on 7 Attempt(s) - 71.43%
- Score 0 goal in Penalty Kill
Team Stat
Griffins - Hits : 23 - Faceoff Wins : 26 - Blocked Shots : 15 - Penalty Minutes : 6
Inferno - Hits : 17 - Faceoff Wins : 42 - Blocked Shots : 11 - Penalty Minutes : 14
Official
Referees : Unknown
Linesman : Unknown
Game Notes
Anders Lee has scored a Hat Trick!
Olivier Roy enters game at 10:36 of 2nd period
Tye McGinn has scored a Hat Trick!
Greg Pateryn is injured at 10:02 of 3rd period (Sprained Left Ankle)
Finance
Level 1 -- Attendance: 1410 (70.50%) -- Ticket Income $56,400
Level 2 -- Attendance: 632 (63.20%) -- Ticket Income $12,640
Total Attendance: 2042 (68.07%)
Total Ticket Income: $69,040
Other Income: $3,452
Total Income: $72,492
Griffins
5 vs 5 Forward
Center Left Wing Right Wing Time % Phy DF OF
1 Nathan Gerbe Marko Dano Ben Hanowski 38 0 2 3
2 Dylan Larkin Tye McGinn Pavel Buchnevich 35 0 2 3
3 Brendan Woods Anton Slepyshev Brandon Pirri 17 0 2 3
4 Rourke Chartier Sonny Milano Nicholas Baptiste 10 0 2 3
5 vs 5 Defense
Defense Defense Time % Phy DF OF
1 Gord Baldwin Mirco Mueller 40 0 3 2
2 Marcus Pettersson Petter Granberg 30 0 3 2
3 Ian McCoshen Phil Oreskovic 20 0 3 2
4 Ian McCoshen Phil Oreskovic 10 0 3 2
PowerPlay Forward
Center Left Wing Right Wing Time % Phy DF OF
1 Marko Dano Tye McGinn Pavel Buchnevich 60 0 1 4
2 Dylan Larkin Anton Slepyshev Ben Hanowski 40 0 1 4
PowerPlay Defense
Defense Defense Time % Phy DF OF
1 Gord Baldwin Phil Oreskovic 60 0 2 3
2 Marcus Pettersson Petter Granberg 40 0 2 3
Penalty Kill 4 Players Forward
Center Wing Time % Phy DF OF
1 Tye McGinn Brendan Woods 60 0 4 1
2 Marko Dano Ben Hanowski 40 0 4 1
Penalty Kill 4 Players Defense
Defense Defense Time % Phy DF OF
1 Gord Baldwin Phil Oreskovic 60 1 2 2
2 Petter Granberg Mirco Mueller 40 1 2 2
Penalty Kill - 3 Players Forward
Forward Time % Phy DF OF
1 Brendan Woods 60 0 4 1
2 Ben Hanowski 40 0 4 1
Penalty Kill - 3 Players Defense
Defense Defense Time % Phy DF OF
1 Gord Baldwin Phil Oreskovic 60 1 2 2
2 Petter Granberg Mirco Mueller 40 1 2 2
4 vs 4 Forward
Center Wing Time % Phy DF OF
1 Marko Dano Pavel Buchnevich 60 0 2 3
2 Dylan Larkin Tye McGinn 40 0 2 3
4 vs 4 Defense
Defense Defense Time % Phy DF OF
1 Gord Baldwin Petter Granberg 60 0 3 2
2 Marcus Pettersson Phil Oreskovic 40 0 3 2
Last Minutes Offensive
Center Left Wing Right Wing Defense Defense
Marko Dano Tye McGinn Pavel Buchnevich Marcus Pettersson Gord Baldwin
Last Minutes Defensive
Center Left Wing Right Wing Defense Defense
Marko Dano Brendan Woods Ben Hanowski Gord Baldwin Phil Oreskovic
Goaltenders
Starting : Jean-Francois Berube
Backup : Olivier Roy
Extra Forwards
Normal : Marko Dano, Dylan Larkin, Nathan Gerbe - PP : Nathan Gerbe, Brandon Pirri - PK : Brandon Pirri
Extra Defensemen
Normal : Petter Granberg, Gord Baldwin, Phil Oreskovic - PP : Phil Oreskovic - PK : Mirco Mueller, Petter Granberg
Penalty Shots
Dylan Larkin, Nathan Gerbe, Rourke Chartier, Sonny Milano, Marko Dano
Scratches
Simon Despres (Right Foot Injury), Haydn Fleury (Separated Left Shoulder Injury), Michael Bunting (Healthy), Ryan Mantha (Healthy), Jack Ramsey (Healthy)
Marcus Hogberg (Healthy), Hayden Hawkey (Healthy)
Inferno
5 vs 5 Forward
Center Left Wing Right Wing Time % Phy DF OF
1 Vladimir Sobotka Tanner Pearson Bryan Rust 40 1 2 2
2 Anders Lee Matt Kassian Kevin Labanc 30 1 2 2
3 Philip Varone Matthew Nieto Oliver Bjorkstrand 20 1 2 2
4 Victor Rask Peter Cehlarik Tyler Shattock 10 1 2 2
5 vs 5 Defense
Defense Defense Time % Phy DF OF
1 Colby Robak David Savard 40 1 2 2
2 Esa Lindell Greg Pateryn 30 1 2 2
3 Mathieu Brodeur Trevor Carrick 20 1 2 2
4 Colby Robak Greg Pateryn 10 1 2 2
PowerPlay Forward
Center Left Wing Right Wing Time % Phy DF OF
1 Vladimir Sobotka Tanner Pearson Kevin Labanc 60 1 2 2
2 Anders Lee Matt Kassian Oliver Bjorkstrand 40 1 2 2
PowerPlay Defense
Defense Defense Time % Phy DF OF
1 Colby Robak David Savard 60 1 2 2
2 Esa Lindell Greg Pateryn 40 1 2 2
Penalty Kill 4 Players Forward
Center Wing Time % Phy DF OF
1 Vladimir Sobotka Bryan Rust 60 1 2 2
2 Anders Lee Matt Kassian 40 1 2 2
Penalty Kill 4 Players Defense
Defense Defense Time % Phy DF OF
1 Colby Robak David Savard 60 1 2 2
2 Esa Lindell Greg Pateryn 40 1 2 2
Penalty Kill - 3 Players Forward
Forward Time % Phy DF OF
1 Vladimir Sobotka 60 1 2 2
2 Philip Varone 40 1 2 2
Penalty Kill - 3 Players Defense
Defense Defense Time % Phy DF OF
1 Colby Robak David Savard 60 1 2 2
2 Esa Lindell Greg Pateryn 40 1 2 2
4 vs 4 Forward
Center Wing Time % Phy DF OF
1 Vladimir Sobotka Tanner Pearson 60 1 2 2
2 Anders Lee Bryan Rust 40 1 2 2
4 vs 4 Defense
Defense Defense Time % Phy DF OF
1 Colby Robak David Savard 60 1 2 2
2 Esa Lindell Greg Pateryn 40 1 2 2
Last Minutes Offensive
Center Left Wing Right Wing Defense Defense
Vladimir Sobotka Tanner Pearson Bryan Rust Colby Robak David Savard
Last Minutes Defensive
Center Left Wing Right Wing Defense Defense
Vladimir Sobotka Tanner Pearson Bryan Rust Colby Robak David Savard
Goaltenders
Starting : Michael Hutchinson
Backup : Christopher Gibson
Extra Forwards
Normal : Anders Lee, Matthew Nieto, Kevin Labanc - PP : Oliver Bjorkstrand, Matthew Nieto - PK : Bryan Rust
Extra Defensemen
Normal : Esa Lindell, Mathieu Brodeur, Greg Pateryn - PP : Esa Lindell - PK : Mathieu Brodeur, Greg Pateryn
Penalty Shots
Anders Lee, Tanner Pearson, Vladimir Sobotka, Oliver Bjorkstrand, Victor Rask
Scratches
Chris Brown (Healthy), Frank Corrado (Bruised Right Foot Injury), Ryan Spooner (Healthy), Petteri Lindbohm (Healthy), Christian Folin (Healthy)
Eric Karlsson (Healthy), John Gilmour (Healthy), Vladimir Zharkov (Healthy), Ryan Donato (Healthy), Vladislav Kamenev (Healthy)
Dominik Masin (Healthy), Brandon Hickey (Healthy), Nathan Lieuwen (Healthy), Vitek Vanecek (Healthy)
% Time on Ice - Griffins
Lines # - Real PCT - Wanted PCT - Time Play
Normal Forward
1 - 35% - 38% - 14:52
2 - 30% - 35% - 12:49
3 - 18% - 17% - 7:23
4 - 17% - 10% - 7:05
Normal Defense
1 - 45% - 40% - 18:55
2 - 32% - 30% - 13:37
3 - 18% - 20% - 7:46
4 - 4% - 10% - 1:51
PP Forward
1 - 59% - 60% - 6:19
2 - 41% - 40% - 4:21
PP Defense
1 - 56% - 60% - 5:58
2 - 44% - 40% - 4:42
PK Forward
1 - 76% - 60% - 4:31
2 - 24% - 40% - 1:26
PK Defense
1 - 65% - 60% - 3:53
2 - 35% - 40% - 2:04
PK3 Forward
1 - 0% - 60%
2 - 0% - 40%
PK3 Defense
1 - 0% - 60%
2 - 0% - 40%
44 Forward
1 - 0% - 60%
2 - 0% - 40%
44 Defense
1 - 0% - 60%
2 - 0% - 40%
Last Minute Offensive - 0:00
Last Minute Defensive - 1:14
Total
Forward - 60:00
Defense - 60:00
|
% Time on Ice - Inferno
Lines # - Real PCT - Wanted PCT - Time Play
Normal Forward
1 - 36% - 40% - 15:16
2 - 26% - 30% - 11:02
3 - 21% - 20% - 8:58
4 - 16% - 10% - 6:54
Normal Defense
1 - 42% - 40% - 17:51
2 - 31% - 30% - 13:01
3 - 19% - 20% - 8:11
4 - 7% - 10% - 3:07
PP Forward
1 - 56% - 60% - 3:19
2 - 44% - 40% - 2:38
PP Defense
1 - 55% - 60% - 3:18
2 - 45% - 40% - 2:39
PK Forward
1 - 71% - 60% - 7:37
2 - 29% - 40% - 3:03
PK Defense
1 - 59% - 60% - 6:16
2 - 41% - 40% - 4:24
PK3 Forward
1 - 0% - 60%
2 - 0% - 40%
PK3 Defense
1 - 0% - 60%
2 - 0% - 40%
44 Forward
1 - 0% - 60%
2 - 0% - 40%
44 Defense
1 - 0% - 60%
2 - 0% - 40%
Last Minute Offensive - 1:13
Last Minute Defensive - 0:00
Total
Forward - 60:00
Defense - 60:00
|
Play-by-Play
1st period
0:01 of 1st period - Nathan Gerbe wins face-off versus Vladimir Sobotka in neutral zone.
0:31 of 1st period - Colby Robak is hit by Nathan Gerbe and loses puck.
1:57 of 1st period - Wrist shot by Nathan Gerbe.
1:57 of 1st period - Stopped by Michael Hutchinson without a rebound.
1:58 of 1st period - Anders Lee wins face-off versus Dylan Larkin in Inferno zone.
3:10 of 1st period - Wrist shot by Tye McGinn.
3:10 of 1st period - Goal by Tye McGinn - Griffins : 1 - Inferno : 0.
3:11 of 1st period - Anders Lee wins face-off versus Dylan Larkin in neutral zone.
3:38 of 1st period - Icing by Mirco Mueller.
3:39 of 1st period - Brendan Woods wins face-off versus Vladimir Sobotka in Griffins zone.
3:46 of 1st period - Snap shot by Tanner Pearson.
3:46 of 1st period - Shot Blocked by Ian McCoshen.
4:12 of 1st period - Minor Penalty to Matt Kassian for Hooking.
4:13 of 1st period - Marko Dano wins face-off versus Vladimir Sobotka in Inferno zone.
4:29 of 1st period - Slapshot by Tye McGinn.
4:29 of 1st period - Shot Misses the Net.
5:53 of 1st period - Colby Robak is hit by Anton Slepyshev and loses puck.
6:12 of 1st period - Penalty to Matt Kassian is over, Matt Kassian is back on ice.
6:17 of 1st period - Minor Penalty to Tyler Shattock for Interference.
6:18 of 1st period - Tye McGinn wins face-off versus Vladimir Sobotka in Inferno zone.
6:42 of 1st period - Slapshot by Colby Robak.
6:42 of 1st period - Shot Misses the Net.
7:39 of 1st period - Greg Pateryn is hit by Brandon Pirri and loses puck.
7:44 of 1st period - Snap shot by Brandon Pirri.
7:44 of 1st period - Shot Misses the Net.
8:17 of 1st period - Penalty to Tyler Shattock is over, Tyler Shattock is back on ice.
8:31 of 1st period - Wrist shot by Victor Rask.
8:31 of 1st period - Goal by Victor Rask - Griffins : 1 - Inferno : 1.
8:32 of 1st period - Rourke Chartier wins face-off versus Bryan Rust in neutral zone.
9:04 of 1st period - Wrist shot by Anders Lee.
9:04 of 1st period - Shot Misses the Net.
9:24 of 1st period - Off-side.
9:25 of 1st period - Nathan Gerbe wins face-off versus Vladimir Sobotka in neutral zone.
9:52 of 1st period - Esa Lindell is hit by Anton Slepyshev and loses puck.
9:59 of 1st period - Brendan Woods is hit by Anders Lee.
11:01 of 1st period - Snap shot by Bryan Rust.
11:01 of 1st period - Shot Blocked by Mirco Mueller.
12:33 of 1st period - Snap shot by Tyler Shattock.
12:33 of 1st period - Shot Misses the Net.
12:43 of 1st period - Nathan Gerbe is hit by Matt Kassian and loses puck.
13:10 of 1st period - Icing by Nathan Gerbe.
13:11 of 1st period - Bryan Rust wins face-off versus Nathan Gerbe in Griffins zone.
13:14 of 1st period - Wrist shot by Bryan Rust.
13:14 of 1st period - Shot Misses the Net.
13:26 of 1st period - Backhand shot by Tanner Pearson.
13:26 of 1st period - Stopped by Jean-Francois Berube without a rebound.
13:27 of 1st period - Matt Kassian wins face-off versus Pavel Buchnevich in Griffins zone.
13:28 of 1st period - Snap shot by Anders Lee.
13:28 of 1st period - Shot Misses the Net.
13:30 of 1st period - Snap shot by Colby Robak.
13:30 of 1st period - Stopped by Jean-Francois Berube with a rebound.
13:32 of 1st period - Slapshot by David Savard.
13:32 of 1st period - Stopped by Jean-Francois Berube with a rebound.
13:34 of 1st period - Slapshot by Colby Robak.
13:34 of 1st period - Stopped by Jean-Francois Berube with a rebound.
13:36 of 1st period - Snap shot by Colby Robak.
13:36 of 1st period - Shot Blocked by Tye McGinn.
13:38 of 1st period - Slapshot by Anders Lee.
13:38 of 1st period - Stopped by Jean-Francois Berube with a rebound.
13:40 of 1st period - Slapshot by David Savard.
13:40 of 1st period - Deflect By Matt Kassian.
13:40 of 1st period - Stopped by Jean-Francois Berube with a rebound.
13:42 of 1st period - Snap shot by Kevin Labanc.
13:42 of 1st period - Shot Misses the Net.
14:01 of 1st period - Snap shot by Brandon Pirri.
14:01 of 1st period - Shot Misses the Net.
14:03 of 1st period - Slapshot by Mirco Mueller.
14:03 of 1st period - Shot Blocked by Greg Pateryn.
14:05 of 1st period - Snap shot by Anton Slepyshev.
14:05 of 1st period - Shot Blocked by Vladimir Sobotka.
14:24 of 1st period - Wrist shot by Sonny Milano.
14:24 of 1st period - Stopped by Michael Hutchinson with a rebound.
15:23 of 1st period - Tye McGinn is hit by David Savard and loses puck.
16:06 of 1st period - Wrist shot by Anders Lee.
16:06 of 1st period - Stopped by Jean-Francois Berube without a rebound.
16:07 of 1st period - Vladimir Sobotka wins face-off versus Dylan Larkin in Griffins zone.
16:10 of 1st period - Snap shot by Vladimir Sobotka.
16:10 of 1st period - Shot Misses the Net.
16:34 of 1st period - Marko Dano is hit by Matt Kassian and loses puck.
16:41 of 1st period - Wrist shot by Anders Lee.
16:41 of 1st period - Stopped by Jean-Francois Berube with a rebound.
17:05 of 1st period - Slapshot by Victor Rask.
17:05 of 1st period - Stopped by Jean-Francois Berube with a rebound.
17:17 of 1st period - Greg Pateryn is hit by Mirco Mueller and loses puck.
17:26 of 1st period - Snap shot by Dylan Larkin.
17:26 of 1st period - Stopped by Michael Hutchinson without a rebound.
17:27 of 1st period - Brendan Woods wins face-off versus Bryan Rust in Inferno zone.
18:18 of 1st period - Dylan Larkin is hit by Greg Pateryn and loses puck.
18:49 of 1st period - Slapshot by Esa Lindell.
18:49 of 1st period - Stopped by Jean-Francois Berube without a rebound.
18:50 of 1st period - Dylan Larkin wins face-off versus Tanner Pearson in Griffins zone.
19:43 of 1st period - Off-side.
19:44 of 1st period - Victor Rask wins face-off versus Nathan Gerbe in neutral zone.
Goals for this period are 1 for Griffins vs 1 for Inferno.
Shots for this period are 4 for Griffins vs 11 for Inferno.
2nd period
0:01 of 2nd period - Dylan Larkin wins face-off versus Bryan Rust in neutral zone.
0:37 of 2nd period - Snap shot by Anders Lee.
0:37 of 2nd period - Goal by Anders Lee - Griffins : 1 - Inferno : 2.
0:38 of 2nd period - Bryan Rust wins face-off versus Dylan Larkin in neutral zone.
0:48 of 2nd period - Minor Penalty to Pavel Buchnevich for Holding.
0:49 of 2nd period - Kevin Labanc wins face-off versus Tye McGinn in Griffins zone.
0:49 of 2nd period - Snap shot by Vladimir Sobotka.
0:49 of 2nd period - Shot Blocked by Gord Baldwin.
1:24 of 2nd period - Tye McGinn is hit by Matt Kassian and loses puck.
1:59 of 2nd period - Brandon Pirri is hit by Matt Kassian and loses puck.
2:22 of 2nd period - Phil Oreskovic is hit by Matt Kassian and loses puck.
2:48 of 2nd period - Penalty to Pavel Buchnevich is over, Pavel Buchnevich is back on ice.
2:53 of 2nd period - Wrist shot by Tye McGinn.
2:53 of 2nd period - Shot Misses the Net.
2:55 of 2nd period - Snap shot by Pavel Buchnevich.
2:55 of 2nd period - Stopped by Michael Hutchinson with a rebound.
2:57 of 2nd period - Snap shot by Pavel Buchnevich.
2:57 of 2nd period - Shot Hit the Post.
2:59 of 2nd period - Snap shot by Petter Granberg.
2:59 of 2nd period - Deflect By David Savard.
2:59 of 2nd period - Stopped by Michael Hutchinson without a rebound.
3:00 of 2nd period - Victor Rask wins face-off versus Nathan Gerbe in Inferno zone.
3:09 of 2nd period - Phil Oreskovic is hit by Greg Pateryn and loses puck.
3:18 of 2nd period - Victor Rask is hit by Ben Hanowski.
3:30 of 2nd period - Slapshot by Tanner Pearson.
3:30 of 2nd period - Stopped by Jean-Francois Berube with a rebound.
3:32 of 2nd period - Slapshot by Esa Lindell.
3:32 of 2nd period - Deflect By Marcus Pettersson.
3:32 of 2nd period - Stopped by Jean-Francois Berube with a rebound.
3:34 of 2nd period - Backhand shot by Bryan Rust.
3:34 of 2nd period - Shot Blocked by Marcus Pettersson.
3:36 of 2nd period - Snap shot by Bryan Rust.
3:36 of 2nd period - Shot Misses the Net.
3:46 of 2nd period - Trevor Carrick is hit by Petter Granberg.
3:58 of 2nd period - Slapshot by Dylan Larkin.
3:58 of 2nd period - Stopped by Michael Hutchinson without a rebound.
3:59 of 2nd period - Vladimir Sobotka wins face-off versus Dylan Larkin in Inferno zone.
4:06 of 2nd period - Snap shot by Tanner Pearson.
4:06 of 2nd period - Shot Misses the Net.
4:08 of 2nd period - Snap shot by Tanner Pearson.
4:08 of 2nd period - Shot Blocked by Mirco Mueller.
4:12 of 2nd period - Snap shot by Bryan Rust.
4:12 of 2nd period - Stopped by Jean-Francois Berube without a rebound.
4:13 of 2nd period - Anders Lee wins face-off versus Nathan Gerbe in Griffins zone.
5:43 of 2nd period - Snap shot by Anders Lee.
5:43 of 2nd period - Goal by Anders Lee - Griffins : 1 - Inferno : 3.
5:44 of 2nd period - Dylan Larkin wins face-off versus Bryan Rust in neutral zone.
5:47 of 2nd period - Snap shot by Dylan Larkin.
5:47 of 2nd period - Stopped by Michael Hutchinson with a rebound.
5:55 of 2nd period - Snap shot by Tanner Pearson.
5:55 of 2nd period - Stopped by Jean-Francois Berube without a rebound.
5:56 of 2nd period - Dylan Larkin wins face-off versus Vladimir Sobotka in Griffins zone.
6:07 of 2nd period - Snap shot by Dylan Larkin.
6:07 of 2nd period - Shot Blocked by Tanner Pearson.
6:09 of 2nd period - Wrist shot by Dylan Larkin.
6:09 of 2nd period - Shot Misses the Net.
6:30 of 2nd period - Wrist shot by Marko Dano.
6:30 of 2nd period - Stopped by Michael Hutchinson with a rebound.
6:46 of 2nd period - Wrist shot by Philip Varone.
6:46 of 2nd period - Shot Hit the Post.
6:52 of 2nd period - Snap shot by Brandon Pirri.
6:52 of 2nd period - Shot Misses the Net.
7:10 of 2nd period - Wrist shot by Tyler Shattock.
7:10 of 2nd period - Stopped by Jean-Francois Berube with a rebound.
7:35 of 2nd period - Backhand shot by Tanner Pearson.
7:35 of 2nd period - Shot Blocked by Petter Granberg.
8:05 of 2nd period - Slapshot by Ben Hanowski.
8:05 of 2nd period - Stopped by Michael Hutchinson without a rebound.
8:06 of 2nd period - Philip Varone wins face-off versus Brendan Woods in Inferno zone.
8:08 of 2nd period - Minor Penalty to Philip Varone for Interference.
8:09 of 2nd period - Marko Dano wins face-off versus Vladimir Sobotka in Inferno zone.
8:23 of 2nd period - Snap shot by Pavel Buchnevich.
8:23 of 2nd period - Shot Blocked by Greg Pateryn.
8:25 of 2nd period - Wrist shot by Tye McGinn.
8:25 of 2nd period - Goal by Tye McGinn - Griffins : 2 - Inferno : 3.
8:26 of 2nd period - Vladimir Sobotka wins face-off versus Dylan Larkin in neutral zone.
8:29 of 2nd period - Snap shot by Colby Robak.
8:29 of 2nd period - Shot Blocked by Dylan Larkin.
8:52 of 2nd period - Greg Pateryn is hit by Marko Dano.
9:18 of 2nd period - Snap shot by Sonny Milano.
9:18 of 2nd period - Stopped by Michael Hutchinson without a rebound.
9:19 of 2nd period - Vladimir Sobotka wins face-off versus Rourke Chartier in Inferno zone.
9:24 of 2nd period - Slapshot by David Savard.
9:24 of 2nd period - Shot Blocked by Phil Oreskovic.
9:32 of 2nd period - Slapshot by Phil Oreskovic.
9:32 of 2nd period - Shot Misses the Net.
9:44 of 2nd period - Ian McCoshen is hit by Kevin Labanc.
9:48 of 2nd period - Wrist shot by Nathan Gerbe.
9:48 of 2nd period - Stopped by Michael Hutchinson without a rebound.
9:49 of 2nd period - Anders Lee wins face-off versus Dylan Larkin in Inferno zone.
9:49 of 2nd period - Anders Lee is hit by Dylan Larkin.
10:01 of 2nd period - Off-side.
10:02 of 2nd period - Nathan Gerbe wins face-off versus Tanner Pearson in neutral zone.
10:05 of 2nd period - Snap shot by Ben Hanowski.
10:05 of 2nd period - Stopped by Michael Hutchinson with a rebound.
10:17 of 2nd period - Ben Hanowski is hit by Vladimir Sobotka.
10:29 of 2nd period - Colby Robak is hit by Mirco Mueller and loses puck.
10:36 of 2nd period - Snap shot by Anders Lee.
10:36 of 2nd period - Goal by Anders Lee - Griffins : 2 - Inferno : 4.
10:36 of 2nd period - Olivier Roy enters game.
10:37 of 2nd period - Vladimir Sobotka wins face-off versus Dylan Larkin in neutral zone.
10:48 of 2nd period - Snap shot by Bryan Rust.
10:48 of 2nd period - Shot Misses the Net.
11:09 of 2nd period - Snap shot by Gord Baldwin.
11:09 of 2nd period - Shot Blocked by Kevin Labanc.
11:22 of 2nd period - Minor Penalty to David Savard for Interference.
11:23 of 2nd period - Marko Dano wins face-off versus Vladimir Sobotka in Inferno zone.
11:37 of 2nd period - Snap shot by Marko Dano.
11:37 of 2nd period - Shot Misses the Net.
11:39 of 2nd period - Snap shot by Marko Dano.
11:39 of 2nd period - Shot Blocked by Greg Pateryn.
11:52 of 2nd period - Icing by Petter Granberg.
11:53 of 2nd period - Vladimir Sobotka wins face-off versus Dylan Larkin in Griffins zone.
12:32 of 2nd period - Snap shot by Dylan Larkin.
12:32 of 2nd period - Shot Misses the Net.
12:34 of 2nd period - Slapshot by Gord Baldwin.
12:34 of 2nd period - Stopped by Michael Hutchinson with a rebound.
12:36 of 2nd period - Wrist shot by Anton Slepyshev.
12:36 of 2nd period - Stopped by Michael Hutchinson with a rebound.
12:46 of 2nd period - Matt Kassian is hit by Tye McGinn and loses puck.
13:22 of 2nd period - Penalty to David Savard is over, David Savard is back on ice.
13:30 of 2nd period - Wrist shot by Peter Cehlarik.
13:30 of 2nd period - Shot Blocked by Phil Oreskovic.
13:37 of 2nd period - Icing by Phil Oreskovic.
13:38 of 2nd period - Rourke Chartier wins face-off versus Philip Varone in Griffins zone.
13:53 of 2nd period - Phil Oreskovic is hit by Matthew Nieto and loses puck.
14:12 of 2nd period - Snap shot by Kevin Labanc.
14:12 of 2nd period - Stopped by Olivier Roy without a rebound.
14:13 of 2nd period - Vladimir Sobotka wins face-off versus Nathan Gerbe in Griffins zone.
14:32 of 2nd period - Snap shot by Nathan Gerbe.
14:32 of 2nd period - Shot Misses the Net.
14:50 of 2nd period - Wrist shot by Anders Lee.
14:50 of 2nd period - Stopped by Olivier Roy without a rebound.
14:51 of 2nd period - Anders Lee wins face-off versus Dylan Larkin in Griffins zone.
15:07 of 2nd period - Minor Penalty to Mathieu Brodeur for Tripping.
15:08 of 2nd period - Marko Dano wins face-off versus Vladimir Sobotka in Inferno zone.
15:22 of 2nd period - Slapshot by Pavel Buchnevich.
15:22 of 2nd period - Stopped by Michael Hutchinson with a rebound.
15:24 of 2nd period - Wrist shot by Pavel Buchnevich.
15:24 of 2nd period - Shot Misses the Net.
15:44 of 2nd period - Anders Lee is hit by Anton Slepyshev and loses puck.
15:59 of 2nd period - Vladimir Sobotka is hit by Pavel Buchnevich and loses puck.
17:06 of 2nd period - David Savard is hit by Pavel Buchnevich and loses puck.
17:07 of 2nd period - Penalty to Mathieu Brodeur is over, Mathieu Brodeur is back on ice.
17:21 of 2nd period - Snap shot by Nicholas Baptiste.
17:21 of 2nd period - Stopped by Michael Hutchinson without a rebound.
17:22 of 2nd period - Victor Rask wins face-off versus Rourke Chartier in Inferno zone.
17:25 of 2nd period - Snap shot by Rourke Chartier.
17:25 of 2nd period - Stopped by Michael Hutchinson with a rebound.
17:27 of 2nd period - Snap shot by Sonny Milano.
17:27 of 2nd period - Deflect By Nicholas Baptiste.
17:27 of 2nd period - Shot Blocked by Victor Rask.
17:27 of 2nd period - Puck is out of play.
17:28 of 2nd period - Victor Rask wins face-off versus Brendan Woods in Inferno zone.
17:33 of 2nd period - Snap shot by Brandon Pirri.
17:33 of 2nd period - Stopped by Michael Hutchinson without a rebound.
17:34 of 2nd period - Anders Lee wins face-off versus Brendan Woods in Inferno zone.
17:34 of 2nd period - Anders Lee is hit by Anton Slepyshev.
17:45 of 2nd period - Off-side.
17:46 of 2nd period - Nathan Gerbe wins face-off versus Vladimir Sobotka in neutral zone.
18:03 of 2nd period - Wrist shot by Vladimir Sobotka.
18:03 of 2nd period - Shot Misses the Net.
18:09 of 2nd period - Minor Penalty to Nathan Gerbe for Hooking.
18:10 of 2nd period - Kevin Labanc wins face-off versus Tye McGinn in Griffins zone.
18:13 of 2nd period - Wrist shot by Kevin Labanc.
18:13 of 2nd period - Shot Misses the Net.
18:15 of 2nd period - Snap shot by Colby Robak.
18:15 of 2nd period - Shot Misses the Net.
18:17 of 2nd period - Slapshot by Colby Robak.
18:17 of 2nd period - Stopped by Olivier Roy with a rebound.
18:41 of 2nd period - Off-side.
18:42 of 2nd period - Tye McGinn wins face-off versus Anders Lee in neutral zone.
18:57 of 2nd period - Slapshot by Esa Lindell.
18:57 of 2nd period - Shot Misses the Net.
19:18 of 2nd period - Off-side.
19:19 of 2nd period - Anders Lee wins face-off versus Brandon Pirri in neutral zone.
Goals for this period are 1 for Griffins vs 3 for Inferno.
Shots for this period are 16 for Griffins vs 11 for Inferno.
3rd period
0:01 of 3rd period - Vladimir Sobotka wins face-off versus Tye McGinn in neutral zone.
0:09 of 3rd period - Penalty to Nathan Gerbe is over, Nathan Gerbe is back on ice.
0:26 of 3rd period - Matthew Nieto is hit by Nicholas Baptiste and loses puck.
0:35 of 3rd period - Backhand shot by Nicholas Baptiste.
0:35 of 3rd period - Deflect By Rourke Chartier.
0:35 of 3rd period - Shot Misses the Net.
0:35 of 3rd period - Puck is out of play.
0:36 of 3rd period - Nathan Gerbe wins face-off versus Vladimir Sobotka in Inferno zone.
0:39 of 3rd period - Snap shot by Marko Dano.
0:39 of 3rd period - Goal by Marko Dano - Griffins : 3 - Inferno : 4.
0:40 of 3rd period - Vladimir Sobotka wins face-off versus Dylan Larkin in neutral zone.
0:54 of 3rd period - Wrist shot by Bryan Rust.
0:54 of 3rd period - Shot Blocked by Gord Baldwin.
0:56 of 3rd period - Snap shot by Colby Robak.
0:56 of 3rd period - Stopped by Olivier Roy without a rebound.
0:57 of 3rd period - Anders Lee wins face-off versus Nathan Gerbe in Griffins zone.
1:08 of 3rd period - Slapshot by Kevin Labanc.
1:08 of 3rd period - Shot Misses the Net.
2:11 of 3rd period - Slapshot by Colby Robak.
2:11 of 3rd period - Deflect By Matthew Nieto.
2:11 of 3rd period - Shot Misses the Net.
2:11 of 3rd period - Puck is out of play.
2:12 of 3rd period - Philip Varone wins face-off versus Dylan Larkin in Griffins zone.
2:31 of 3rd period - Minor Penalty to Philip Varone for Roughing.
2:32 of 3rd period - Vladimir Sobotka wins face-off versus Marko Dano in Inferno zone.
2:32 of 3rd period - Vladimir Sobotka is hit by Gord Baldwin.
2:47 of 3rd period - Snap shot by Marko Dano.
2:47 of 3rd period - Deflect By Pavel Buchnevich.
2:47 of 3rd period - Shot Misses the Net.
2:47 of 3rd period - Puck is out of play.
2:48 of 3rd period - Vladimir Sobotka wins face-off versus Marko Dano in Inferno zone.
2:59 of 3rd period - Snap shot by Pavel Buchnevich.
2:59 of 3rd period - Deflect By Tye McGinn.
2:59 of 3rd period - Goal by Tye McGinn - Griffins : 4 - Inferno : 4.
3:00 of 3rd period - Vladimir Sobotka wins face-off versus Nathan Gerbe in neutral zone.
3:03 of 3rd period - Petter Granberg is hit by Tanner Pearson and loses puck.
3:10 of 3rd period - Bryan Rust is hit by Marko Dano and loses puck.
3:25 of 3rd period - Trevor Carrick is hit by Petter Granberg and loses puck.
3:34 of 3rd period - Wrist shot by Brendan Woods.
3:34 of 3rd period - Goal by Brendan Woods - Griffins : 5 - Inferno : 4.
3:35 of 3rd period - Anders Lee wins face-off versus Dylan Larkin in neutral zone.
3:37 of 3rd period - Minor Penalty to Kevin Labanc for Delaying the game.
3:38 of 3rd period - Pavel Buchnevich wins face-off versus Vladimir Sobotka in Inferno zone.
3:52 of 3rd period - Snap shot by Tye McGinn.
3:52 of 3rd period - Shot Misses the Net.
4:51 of 3rd period - Wrist shot by Anders Lee.
4:51 of 3rd period - Stopped by Olivier Roy with a rebound.
5:37 of 3rd period - Penalty to Kevin Labanc is over, Kevin Labanc is back on ice.
6:13 of 3rd period - Snap shot by Philip Varone.
6:13 of 3rd period - Shot Blocked by Petter Granberg.
6:19 of 3rd period - Minor Penalty to Marcus Pettersson for Holding.
6:20 of 3rd period - Vladimir Sobotka wins face-off versus Tye McGinn in Griffins zone.
6:21 of 3rd period - Slapshot by Esa Lindell.
6:21 of 3rd period - Shot Misses the Net.
6:31 of 3rd period - Backhand shot by Kevin Labanc.
6:31 of 3rd period - Stopped by Olivier Roy without a rebound.
6:32 of 3rd period - Tye McGinn wins face-off versus Kevin Labanc in Griffins zone.
7:08 of 3rd period - Off-side.
7:09 of 3rd period - Anders Lee wins face-off versus Marko Dano in neutral zone.
7:12 of 3rd period - Slapshot by Esa Lindell.
7:12 of 3rd period - Stopped by Olivier Roy with a rebound.
8:19 of 3rd period - Penalty to Marcus Pettersson is over, Marcus Pettersson is back on ice.
8:28 of 3rd period - Slapshot by Phil Oreskovic.
8:28 of 3rd period - Stopped by Michael Hutchinson with a rebound.
8:50 of 3rd period - Slapshot by Marcus Pettersson.
8:50 of 3rd period - Shot Misses the Net.
8:52 of 3rd period - Slapshot by Gord Baldwin.
8:52 of 3rd period - Deflect By Philip Varone.
8:52 of 3rd period - Stopped by Michael Hutchinson with a rebound.
9:28 of 3rd period - Wrist shot by Nathan Gerbe.
9:28 of 3rd period - Stopped by Michael Hutchinson without a rebound.
9:29 of 3rd period - Dylan Larkin wins face-off versus Vladimir Sobotka in Inferno zone.
9:32 of 3rd period - Wrist shot by Pavel Buchnevich.
9:32 of 3rd period - Shot Blocked by Trevor Carrick.
10:00 of 3rd period - Slapshot by Petter Granberg.
10:00 of 3rd period - Stopped by Michael Hutchinson with a rebound.
10:02 of 3rd period - Snap shot by Pavel Buchnevich.
10:02 of 3rd period - Shot Blocked by Greg Pateryn.
10:02 of 3rd period - Greg Pateryn from Inferno is injured at 10:02 of 3rd period (Sprained Left Ankle).
10:03 of 3rd period - Vladimir Sobotka wins face-off versus Dylan Larkin in Inferno zone.
10:03 of 3rd period - Vladimir Sobotka is hit by Mirco Mueller.
10:41 of 3rd period - Wrist shot by Anders Lee.
10:41 of 3rd period - Deflect By Matt Kassian.
10:41 of 3rd period - Stopped by Olivier Roy without a rebound.
10:42 of 3rd period - Matthew Nieto wins face-off versus Dylan Larkin in Griffins zone.
10:47 of 3rd period - Snap shot by Matthew Nieto.
10:47 of 3rd period - Stopped by Olivier Roy with a rebound.
10:57 of 3rd period - Slapshot by Dylan Larkin.
10:57 of 3rd period - Shot Misses the Net.
11:07 of 3rd period - Ian McCoshen is hit by David Savard and loses puck.
11:53 of 3rd period - Wrist shot by Rourke Chartier.
11:53 of 3rd period - Stopped by Michael Hutchinson without a rebound.
11:54 of 3rd period - Victor Rask wins face-off versus Rourke Chartier in Inferno zone.
12:18 of 3rd period - Marcus Pettersson is hit by Tyler Shattock and loses puck.
12:29 of 3rd period - Snap shot by Colby Robak.
12:29 of 3rd period - Stopped by Olivier Roy with a rebound.
12:31 of 3rd period - Slapshot by Peter Cehlarik.
12:31 of 3rd period - Shot Blocked by Sonny Milano.
12:33 of 3rd period - Slapshot by David Savard.
12:33 of 3rd period - Shot Blocked by Marcus Pettersson.
12:35 of 3rd period - Slapshot by Victor Rask.
12:35 of 3rd period - Shot Misses the Net.
12:37 of 3rd period - Snap shot by Tyler Shattock.
12:37 of 3rd period - Stopped by Olivier Roy without a rebound.
12:38 of 3rd period - Vladimir Sobotka wins face-off versus Dylan Larkin in Griffins zone.
12:39 of 3rd period - Wrist shot by Tanner Pearson.
12:39 of 3rd period - Deflect By Mirco Mueller.
12:39 of 3rd period - Shot Blocked by Dylan Larkin.
12:39 of 3rd period - Puck is out of play.
12:40 of 3rd period - Dylan Larkin wins face-off versus Vladimir Sobotka in Griffins zone.
12:47 of 3rd period - Snap shot by Dylan Larkin.
12:47 of 3rd period - Stopped by Michael Hutchinson with a rebound.
13:15 of 3rd period - Wrist shot by Marko Dano.
13:15 of 3rd period - Stopped by Michael Hutchinson without a rebound.
13:16 of 3rd period - Vladimir Sobotka wins face-off versus Nathan Gerbe in Inferno zone.
13:32 of 3rd period - Snap shot by Nathan Gerbe.
13:32 of 3rd period - Stopped by Michael Hutchinson with a rebound.
14:06 of 3rd period - Slapshot by Colby Robak.
14:06 of 3rd period - Stopped by Olivier Roy without a rebound.
14:07 of 3rd period - Marko Dano wins face-off versus Philip Varone in Griffins zone.
14:07 of 3rd period - Marko Dano is hit by Philip Varone.
14:41 of 3rd period - Gord Baldwin is hit by Esa Lindell and loses puck.
15:20 of 3rd period - Slapshot by Tyler Shattock.
15:20 of 3rd period - Shot Misses the Net.
15:39 of 3rd period - Oliver Bjorkstrand is hit by Nicholas Baptiste and loses puck.
15:58 of 3rd period - Slapshot by Ian McCoshen.
15:58 of 3rd period - Stopped by Michael Hutchinson with a rebound.
16:00 of 3rd period - Slapshot by Tye McGinn.
16:00 of 3rd period - Stopped by Michael Hutchinson without a rebound.
16:01 of 3rd period - Vladimir Sobotka wins face-off versus Brendan Woods in Inferno zone.
16:12 of 3rd period - Slapshot by Brandon Pirri.
16:12 of 3rd period - Stopped by Michael Hutchinson without a rebound.
16:13 of 3rd period - Philip Varone wins face-off versus Brendan Woods in Inferno zone.
16:13 of 3rd period - Philip Varone is hit by Mirco Mueller.
16:25 of 3rd period - Snap shot by Matthew Nieto.
16:25 of 3rd period - Stopped by Olivier Roy with a rebound.
17:17 of 3rd period - Slapshot by Kevin Labanc.
17:17 of 3rd period - Stopped by Olivier Roy with a rebound.
17:37 of 3rd period - Snap shot by Dylan Larkin.
17:37 of 3rd period - Shot Misses the Net.
18:24 of 3rd period - Snap shot by Tanner Pearson.
18:24 of 3rd period - Shot Misses the Net.
18:26 of 3rd period - Snap shot by Esa Lindell.
18:26 of 3rd period - Deflect By Bryan Rust.
18:26 of 3rd period - Shot Misses the Net.
18:26 of 3rd period - Puck is out of play.
18:27 of 3rd period - Brendan Woods wins face-off versus Philip Varone in Griffins zone.
18:34 of 3rd period - Slapshot by Gord Baldwin.
18:34 of 3rd period - Shot Misses the Net.
18:36 of 3rd period - Slapshot by Gord Baldwin.
18:36 of 3rd period - Shot Hit the Post.
18:38 of 3rd period - Snap shot by Gord Baldwin.
18:38 of 3rd period - Stopped by Michael Hutchinson with a rebound.
18:40 of 3rd period - Slapshot by Gord Baldwin.
18:40 of 3rd period - Stopped by Michael Hutchinson with a rebound.
18:42 of 3rd period - Snap shot by Brandon Pirri.
18:42 of 3rd period - Shot Blocked by Philip Varone.
18:52 of 3rd period - Tanner Pearson is hit by Mirco Mueller and loses puck.
19:07 of 3rd period - Snap shot by Ben Hanowski.
19:07 of 3rd period - Stopped by Michael Hutchinson without a rebound.
19:08 of 3rd period - Dan Bylsma call a timeout for Inferno.
19:08 of 3rd period - Marko Dano wins face-off versus Vladimir Sobotka in Inferno zone.
19:11 of 3rd period - Snap shot by Marko Dano.
19:11 of 3rd period - Deflect By Brendan Woods.
19:11 of 3rd period - Stopped by Michael Hutchinson with a rebound.
19:13 of 3rd period - Slapshot by Ben Hanowski.
19:13 of 3rd period - Shot Blocked by Bryan Rust.
19:25 of 3rd period - Slapshot by Marko Dano.
19:25 of 3rd period - Shot Misses the Net.
19:27 of 3rd period - Wrist shot by Phil Oreskovic.
19:27 of 3rd period - Stopped by Michael Hutchinson without a rebound.
19:28 of 3rd period - Vladimir Sobotka wins face-off versus Marko Dano in Inferno zone.
Goals for this period are 3 for Griffins vs 0 for Inferno.
Shots for this period are 19 for Griffins vs 11 for Inferno.
Back to the Top